 Dungeon Crawl Stone Soup version 0.28.0 (webtiles) character file.

Game seed: 15155118905646768341

1775 bande the Chopper (level 9, 0/55 HPs)
             Began as a Gargoyle Fighter on Feb 16, 2022.
             Was a Believer of Okawaru.
             Slain by an orc priest (1 damage)
             ... on level 6 of the Dungeon.
             The game lasted 00:12:00 (6247 turns).

bande the Chopper (Gargoyle Fighter)                Turns: 6247, Time: 00:12:01

Health: 0/55       AC: 18    Str: 21    XL:     9   Next: 8%
Magic:  12/12      EV:  7    Int:  8    God:    Okawaru [**....]
Gold:   408        SH: 10    Dex: 13    Spells: 8/8 levels left

rFire   + + +      SeeInvis .   a - +1 war axe
rCold   + + .      Faith    .   c - +0 buckler
rNeg    + . .      Spirit   .   f - +0 chain mail
rPois   ∞          Reflect  +   (helmet restricted)
rElec   +          Harm     .   i - +1 cloak
rCorr   +          Rampage  .   (no gloves)
Will    .....                   (no boots)
Stlth   ..........              u - amulet of reflection
HPRegen 0.18/turn               h - ring of protection from cold
MPRegen 0.13/turn               t - ring of protection from fire

@: resistant
A: sickness immunity, AC +6, negative energy resistance 1, electricity
resistance, torment resistance 1, petrification resistance, antennae 1, fire
resistance 1
a: Renounce Religion, Heroism


You were on level 6 of the Dungeon.
You worshipped Okawaru.
Okawaru was pleased with you.
You visited 1 branch of the dungeon, and saw 6 of its levels.

You collected 408 gold pieces.

Inventory:

Hand Weapons
 a - a +1 war axe (weapon)
 B - a +0 war axe
 D - a +1 flail of draining
Armour
 c - a +0 buckler (worn)
 f - a +0 chain mail (worn)
 i - a +1 cloak (worn)
 k - a +0 helmet
Jewellery
 b - a ring of resist corrosion
 g - an amulet of the acrobat
 h - a ring of protection from cold (left hand)
 t - a ring of protection from fire (right hand)
 u - an amulet of reflection (around neck)
 A - a ring of wizardry
Wands
 m - a wand of flame (12)
 w - a wand of polymorph (11)
 y - a wand of paralysis (6)
Scrolls
 e - 3 scrolls of identify
 o - a scroll of enchant armour
 p - a scroll of amnesia {unknown}
 q - a scroll of magic mapping {unknown}
 s - a scroll of teleportation
 v - a scroll of blinking {unknown}
 C - a scroll of fear {unknown}
Potions
 d - a potion of might
 j - 2 potions of curing
 l - 2 potions of ambrosia


   Skills:
 + Level 5.7 Fighting
 + Level 7.0 Axes
 + Level 5.9 Armour
 + Level 5.0 Shields
 * Level 4.1 Invocations
 * Level 2.2 Evocations


You had 8 spell levels left.
You didn't know any spells.
Your spell library contained the following spells:

 Spells                   Type           Power      Damage    Failure   Level
 Apportation              Tloc           0%         N/A       99%         1
 Slow                     Hex            0%         N/A       99%         1
 Blink                    Tloc           0%         N/A       100%        2
 Confusing Touch          Hex            0%         N/A       100%        3
 Lesser Beckoning         Tloc           0%         N/A       100%        3
 Vampiric Draining        Necr           0%         2d6       100%        3
 Manifold Assault         Tloc           0%         N/A       100%        5
 Animate Skeleton         Necr           Unusable   N/A       N/A         1
 Summon Small Mammal      Summ           Unusable   N/A       N/A         1

Dungeon Overview and Level Annotations

Branches:
Dungeon (6/15)
 Temple: D:4-7

Altars:
Elyvilon
Gozag
Kikubaaqudgha
Okawaru


Innate Abilities, Weirdness & Mutations

You are immune to sickness and miasma.
Your stone body is resilient. (AC +6)
You are immune to poison.
You resist negative energy. (rN+)
You are resistant to electric shocks. (rElec)
You are resistant to unholy torment.
You are immune to petrification.
You have a pair of small antennae on your head.
Your flesh is heat resistant. (rF+)


Message History

Items here: ( )) ††.
The orc priest calls down the wrath of Beogh upon you.
Pain shoots through your body!
You hit the orc warrior but do no damage.
You barely miss the orc. The orc barely misses you.
You barely miss the orc warrior.
You hit the orc priest but do no damage.
You hit the orc.
The orc warrior hits you with a +0 long sword.
The orc priest looks braver for a moment.
The orc priest calls down the wrath of Beogh upon you.
Pain shoots through your body!
You barely miss the orc priest. You slash the orc warrior!
You hit the orc but do no damage. You hit the orc.
The orc warrior hits you with a +0 long sword!
The orc reads a scroll.
Wisps of shadow swirl around the orc.
The orc priest invokes the aid of Beogh against you.
Beogh smites you!
* * * LOW HITPOINT WARNING * * *
The orc hits you but does no damage. The orc priest barely misses you.
You block the orc warrior's attack. The orc hits you but does no damage.
The orc priest hits you but does no damage.
You block the orc's attack.
The orc priest hits you but does no damage.
Unknown command.
You barely miss the orc priest. You hit the necrophage. You hit the orc.
You kill the orc!
Okawaru accepts your kill.
The necrophage dissolves into shadows!
The iguana dissolves into shadows!
The shadow imp dissolves into shadows!
You hit the orc priest. You hit the orc warrior. You hit the orc.
You block the orc priest's attack. You block the orc's attack.
The orc priest hits you but does no damage.
The centaur zombie hits you but does no damage.
The centaur zombie kicks you but does no damage.
The orc warrior hits you with a +0 long sword.
* * * LOW HITPOINT WARNING * * *
The orc priest hits you with a +0 club.
You die...

#.............. ##
#.#............ #.
................. #.
..#.#..#..#.#.... #.
#.#.#............
##.####.#..............
#.....#.# #..#oZ.......
####.....# #...o@o......
#........# #...o#.......
#..#.....###))).#..#####
#!)#.#.....##.).#.....
#....#.#...........####
#..#.#.###.##..##.....
#........#.#...##..###
...)##<#.#.#.#)†...#
.......#.#.#.#.##.#....


You could see an orc warrior, 2 orc priests, an orc and a centaur zombie.

Vanquished Creatures
  Duvessa (D:5)
  An ice beast (D:5)
  A necrophage (D:4)
  The ghost of Sanktem7 the Covered, an amateur MiFi (D:4)
  2 ogres (D:5)
  A centaur (D:5)
  A kobold brigand (D:6)
  Blork the orc (D:4)
  2 bullfrogs
  3 scorpions
  A wyvern skeleton (D:5)
  Dowan (D:5)
  2 hounds (D:5)
  A bullfrog zombie (D:5)
  A bullfrog skeleton (D:5)
  A jelly (D:4)
  5 orc priests
  Natasha (D:4)
  4 orc wizards
  Robin (D:2)
  A river rat (D:4)
  4 adders
  An adder skeleton (D:4)
  A worm (D:2)
  3 dart slugs (D:1)
  22 orcs
  6 ball pythons
  An endoplasm (D:4)
  6 giant cockroaches
  5 hobgoblins
  7 jackals
  8 kobolds
  5 quokkas
  7 bats
  5 frilled lizards
  15 goblins
  4 rats
133 creatures vanquished.

Notes
Turn   | Place    | Note
-------+----------+-------------------------------------------
     0 | D:1      | bande the Gargoyle Fighter began the quest for the Orb.
     0 | D:1      | Reached XP level 1. HP: 14/14 MP: 1/1
   288 | D:1      | Reached XP level 2. HP: 18/19 MP: 2/2
   342 | D:1      | Reached skill level 2 in Axes
   877 | D:2      | Reached XP level 3. HP: 24/24 MP: 3/3
   922 | D:2      | Identified the +0 leather armour "Ytoe" {Rampage}
  1138 | D:2      | Reached XP level 4. HP: 28/29 MP: 4/4
  1386 | D:3      | Noticed Robin
  1508 | D:2      | Killed Robin
  1549 | D:3      | Noticed a bullfrog
  1563 | D:3      | Killed a bullfrog
  1564 | D:3      | Reached skill level 3 in Axes
  1564 | D:3      | Reached XP level 5. HP: 23/33 MP: 5/5
  1755 | D:3      | Found an iron altar of Okawaru.
  1773 | D:3      | Reached XP level 6. HP: 30/38 MP: 6/6
  1783 | D:3      | Reached skill level 4 in Axes
  1864 | D:3      | Became a worshipper of Warmaster Okawaru
  2450 | D:4      | Noticed Sanktem7's ghost (amateur MiFi)
  2450 | D:4      | Noticed Blork the orc
  2450 | D:4      | Found a runed translucent door.
  2457 | D:4      | Killed Blork the orc
  2693 | D:4      | Found a white marble altar of Elyvilon.
  2708 | D:4      | Noticed a necrophage
  2724 | D:4      | Killed a necrophage
  2724 | D:4      | Reached * piety under Okawaru
  2725 | D:4      | Reached skill level 1 in Invocations
  2725 | D:4      | Reached XP level 7. HP: 15/44 MP: 6/8
  3493 | D:4      | Found an opulent altar of Gozag.
  3493 | D:4      | Found an ancient bone altar of Kikubaaqudgha.
  3598 | D:4      | Reached skill level 5 in Axes
  3679 | D:4      | Noticed Natasha
  3682 | D:4      | Killed Natasha
  4019 | D:4      | Killed Sanktem7's ghost
  4020 | D:4      | Reached skill level 5 in Armour
  4333 | D:5      | Entered Level 5 of the Dungeon
  4377 | D:5      | Reached XP level 8. HP: 39/48 MP: 8/10
  4590 | D:5      | Reached skill level 5 in Fighting
  4759 | D:5      | Reached skill level 6 in Axes
  4759 | D:5      | Reached skill level 1 in Evocations
  5042 | D:5      | Reached ** piety under Okawaru
  5137 | D:5      | Noticed Duvessa
  5137 | D:5      | Noticed Dowan
  5149 | D:5      | Killed Dowan
  5151 | D:5      | HP: 1/49 [Duvessa (8)]
  5157 | D:5      | HP: 2/49 [Duvessa (5)]
  5165 | D:5      | Killed Duvessa
  6155 | D:6      | Reached XP level 9. HP: 52/54 MP: 11/11
  6164 | D:6      | Reached skill level 5 in Shields
  6184 | D:6      | Reached skill level 7 in Axes
  6227 | D:6      | Gained mutation: You have a pair of small antennae on your
                  | head. [potion of mutation]
  6227 | D:6      | Gained mutation: Your flesh is heat resistant. (rF+)
                  | [potion of mutation]
  6247 | D:6      | HP: 1/55 [orc warrior (3)]
  6247 | D:6      | Slain by an orc priest

Illustrated notes

Levels and vault maps discovered:
D:1:      matt_arrival_spirals, layout_loops_ring
D:2:      layout_rooms, minmay_misc_feat_chi
D:3:      minmay_chambers_of_twos, layout_basic, okawaru_ov_weapons_minmay,
          uniq_robin
D:4:      layout_cave_pods, elyvilon_altar_1,
          gammafunk_temple_overflow_elements, gup_sewer_entry_bubbles,
          hellmonk_ghost_happy_afterlife, minmay_misc_feat_alley,
          kennysheep_flooded_box, grunt_decor_clamped, uniq_blork_the_orc,
          uniq_natasha
D:5:      kb_forest_paths, layout_basic, chequers_serial_rivers_large_a,
          serial_park_tiny_pond, uniq_duvessa
D:6:      cheibrodos_fertilizer, layout_basic,
          nicolae_hepliaklqana_ecumenical_no_more, serial_shops,
          nicolae_shop_stone, nicolae_take_the_stairs, kennysheep_mini

Skill      XL: |  1  2  3  4  5  6  7  8  9 |
---------------+----------------------------+-----
Axes           | 2 3 4 5 6 7 |  7.0
Armour         | 4 5 |  5.9
Fighting       | 4 5 |  5.7
Shields        | 4 5 |  5.0
Invocations    | 1 2 3 4 |  4.1
Evocations     | 2 |  2.2

Action                   |  1- 3 |  4- 6 |  7- 9 || total
-------------------------+-------+-------+-------++-------
Melee: War axe           |    75 |   120 |   220 ||   415
  Use: Scroll            |     3 |     3 |     4 ||    10
       Potion            |       |     2 |     4 ||     6
Armor: Chain mail        |    65 |   139 |   156 ||   360
       Scale mail        |     2 |       |       ||     2
Dodge: Dodged            |    23 |    61 |    77 ||   161
Block: Buckler           |    17 |    47 |    60 ||   124
       Reflection        |       |       |     1 ||     1
